SL
GRAFTON MIDDIES @ ATHLETIC CLUB KC
07/18/2029
 
TOP OF THE 1ST
Grafton Middies batting - Pitching for Athletic Club KC : LHP Bill Oulton
Pitching: LHP Bill Oulton
Batting: RHB Pedro Santos 0-0: Foul Ball, location: 2F
0-1: Ball
1-1: Ball
2-1: Ball
3-1: Base on Balls
Batting: RHB Carlos Maldonado 0-0: Ball
1-0: Called Strike
1-1: Called Strike
1-2: Foul Ball, location: 2F
1-2: Fielders Choice at 2nd, 6-4 (Groundball, 6)
Batting: LHB Mario Ramos 0-0: Called Strike
Throwing error on steal attempt, E2
Carlos Maldonado to third
0-1: Called Strike
0-2: Foul Ball, location: 2F
0-2: Foul Ball, location: 2F
0-2: Strikes out looking
Batting: RHB Stefano Gaddi 0-0: Foul Ball, location: 2F
0-1: Called Strike
0-2: Ball
1-2: Ball
2-2: Ground out 5-3 (Groundball, 56S)
Top of the 1st over - 0 runs, 0 hits, 1 error, 1 left on base; Grafton 0 - Athletic Club KC 0
BOTTOM OF THE 1ST
Athletic Club KC batting - Pitching for Grafton Middies : RHP Robbie Baxter
Pitching: RHP Robbie Baxter
Batting: RHB Pil-joong Pak 0-0: Fly out, F3 (Popup, 3SF)
Batting: RHB Dong-min Cho 0-0: Called Strike
0-1: Ball
1-1: Foul Ball, location: 2F
1-2: Ball
2-2: Ball
3-2: Foul Ball, location: 2F
3-2: Ground out 6-3 (Groundball, 6)
Batting: RHB David Edwards 0-0: Ball
1-0: Ball
2-0: Called Strike
2-1: Foul Ball, location: 2F
2-2: Ground out 6-3 (Groundball, 6)
Bottom of the 1st over - 0 runs, 0 hits, 0 errors, 0 left on base; Grafton 0 - Athletic Club KC 0
TOP OF THE 2ND
Grafton Middies batting - Pitching for Athletic Club KC : LHP Bill Oulton
Batting: LHB Jorge Flores 0-0: Ball
1-0: Ground out 1-3 (Groundball, P)
Batting: RHB Orlando Reyes 0-0: Ball
1-0: Ball
2-0: Called Strike
2-1: Ground out 4-3 (Groundball, 4)
Batting: LHB John Meléndez 0-0: Called Strike
0-1: Ball
1-1: Swinging Strike
1-2: Strikes out swinging
Top of the 2nd over - 0 runs, 0 hits, 0 errors, 0 left on base; Grafton 0 - Athletic Club KC 0
BOTTOM OF THE 2ND
Athletic Club KC batting - Pitching for Grafton Middies : RHP Robbie Baxter
Batting: SHB Pedro Vázquez 0-0: Ball
1-0: Foul Ball, location: 2F
1-1: Ground out 6-3 (Groundball, 6)
Batting: LHB Manuel Domínguez 0-0: SINGLE (Line Drive, 3)
Batting: LHB Chris Hill 0-0: Ball
1-0: 2-RUN HOME RUN (Flyball, 89XD), Distance : 419 ft
Batting: RHB Richard Younger 0-0: Swinging Strike
0-1: Ball
1-1: Ball
2-1: Called Strike
2-2: Strikes out looking
Batting: LHB Matt Herman 0-0: SINGLE (Flyball, 89S)
Batting: LHB Tony García 0-0: Ball
1-0: Ball
2-0: Foul Ball, location: 2F
2-1: Foul Ball, location: 2F
2-2: Ball
3-2: Fly out, F9 (Line Drive, 89M)
Bottom of the 2nd over - 2 runs, 3 hits, 0 errors, 1 left on base; Grafton 0 - Athletic Club KC 2
TOP OF THE 3RD
Grafton Middies batting - Pitching for Athletic Club KC : LHP Bill Oulton
Batting: SHB Jack MacAsgill 0-0: Foul Ball, location: 2F
0-1: Ball
1-1: Swinging Strike
1-2: Foul Ball, location: 2F
1-2: Foul Ball, location: 2F
1-2: Ball
2-2: Fly out, F9 (Flyball, 9S)
Batting: RHB Ramón Gómez 0-0: Ball
1-0: Ball
2-0: Ball
3-0: Base on Balls
Batting: RHB Pedro Santos 0-0: Called Strike
0-1: Ball
1-1: SINGLE (Flyball, 9S)
Ramón Gómez to second
Runner from 2nd tries for 3rd, SAFE, no throw
Batting: RHB Carlos Maldonado 0-0: Ground out 5-3 (Groundball, 5S)
Ramón Gómez scores
Pedro Santos to second
Batting: LHB Mario Ramos 0-0: Ball
1-0: Ball
2-0: Called Strike
2-1: Ball
3-1: Fly out, F7 (Line Drive, 7)
Top of the 3rd over - 1 run, 1 hit, 0 errors, 1 left on base; Grafton 1 - Athletic Club KC 2
BOTTOM OF THE 3RD
Athletic Club KC batting - Pitching for Grafton Middies : RHP Robbie Baxter
Batting: RHB Pil-joong Pak 0-0: Ball
1-0: Ball
2-0: Foul Ball, location: 2F
2-1: Ball
3-1: Foul Ball, location: 2F
3-2: Base on Balls
Batting: RHB Dong-min Cho 0-0: Ball
1-0: Ball
2-0: Ball
3-0: Called Strike
3-1: Called Strike
3-2: Fly out, F8 (Line Drive, 8RM)
Batting: RHB David Edwards 0-0: Ball
1-0: Ball
2-0: Called Strike
2-1: Swinging Strike
2-2: Ball
Pil-joong Pak steals 2nd base
3-2: Foul Ball, location: 2F
3-2: Ground out 1-3 (Groundball, 15S)
Batting: SHB Pedro Vázquez 0-0: Foul Ball, location: 2F
0-1: Ball
1-1: Ball
2-1: Foul Ball, location: 2F
2-2: 2-RUN HOME RUN (Flyball, 7LD), Distance : 352 ft
Batting: LHB Manuel Domínguez 0-0: Called Strike
0-1: Ball
1-1: Ball
2-1: Ball
3-1: Base on Balls
Batting: LHB Chris Hill 0-0: Called Strike
Manuel Domínguez steals 2nd base
0-1: Fly out, F7 (Flyball, 7LD)
Bottom of the 3rd over - 2 runs, 1 hit, 0 errors, 1 left on base; Grafton 1 - Athletic Club KC 4
TOP OF THE 4TH
Grafton Middies batting - Pitching for Athletic Club KC : LHP Bill Oulton
Batting: RHB Stefano Gaddi 0-0: Foul Ball, location: 2F
0-1: Foul Ball, location: 2F
0-2: Foul Ball, location: 2F
0-2: SINGLE (Line Drive, 56D)
Batting: LHB Jorge Flores 0-0: Called Strike
0-1: Ball
1-1: Fly out, F8 (Flyball, 8LD)
Batting: RHB Orlando Reyes 0-0: Foul Ball, location: 2F
0-1: Ball
1-1: Foul Ball, location: 2F
1-2: Foul Ball, location: 2F
1-2: Ball
2-2: Ball
3-2: Fly out, F8 (Flyball, 8LD)
Batting: LHB John Meléndez 0-0: Called Strike
0-1: Ball
1-1: Called Strike
1-2: Ball
2-2: Strikes out swinging
Top of the 4th over - 0 runs, 1 hit, 0 errors, 1 left on base; Grafton 1 - Athletic Club KC 4
BOTTOM OF THE 4TH
Athletic Club KC batting - Pitching for Grafton Middies : RHP Robbie Baxter
Batting: RHB Richard Younger 0-0: Ball
1-0: Foul Ball, location: 2F
1-1: Ground out U3 (Groundball, 34)
Batting: LHB Matt Herman 0-0: Called Strike
0-1: Foul Ball, location: 2F
0-2: Ball
1-2: Fly out, F7 (Flyball, 7S)
Batting: LHB Tony García 0-0: Called Strike
0-1: SINGLE (Groundball, 6D)
Batting: RHB Pil-joong Pak 0-0: Swinging Strike
0-1: Ball
1-1: Ball
2-1: Foul Ball, location: 2F
2-2: Ball
3-2: Foul Ball, location: 2F
3-2: Foul Ball, location: 2F
3-2: Foul Ball, location: 2F
3-2: Foul Ball, location: 2F
3-2: SINGLE (Flyball, 78M)
Tony García to second
Tony García to third
Batting: RHB Dong-min Cho 0-0: Swinging Strike
0-1: Ball
1-1: Swinging Strike
1-2: Foul Ball, location: 2F
1-2: Ball
2-2: Fly out, F6 (Line Drive, 56)
Bottom of the 4th over - 0 runs, 2 hits, 0 errors, 2 left on base; Grafton 1 - Athletic Club KC 4
TOP OF THE 5TH
Grafton Middies batting - Pitching for Athletic Club KC : LHP Bill Oulton
Batting: SHB Jack MacAsgill 0-0: Called Strike
0-1: Ball
1-1: Ball
2-1: Ball
3-1: Foul Ball, location: 2F
3-2: Base on Balls
Batting: RHB Ramón Gómez 0-0: Called Strike
0-1: Called Strike
0-2: Ball
1-2: Strikes out swinging
Batting: RHB Pedro Santos 0-0: Ball
1-0: Ball
2-0: Grounds into double play, 5-4-3 (Groundball, 5)
Top of the 5th over - 0 runs, 0 hits, 0 errors, 0 left on base; Grafton 1 - Athletic Club KC 4
BOTTOM OF THE 5TH
Athletic Club KC batting - Pitching for Grafton Middies : RHP Robbie Baxter
Batting: RHB David Edwards 0-0: Ball
1-0: Called Strike
1-1: Ball
2-1: Ball
3-1: Foul Ball, location: 2F
3-2: SINGLE (Groundball, 56D)
Batting: SHB Pedro Vázquez 0-0: Ball
1-0: Ball
2-0: Foul Ball, location: 2F
2-1: Foul Ball, location: 2F
2-2: Ball
3-2: Foul Ball, location: 2F
3-2: Fly out, F8 (Flyball, 8LM)
Batting: LHB Manuel Domínguez 0-0: Ball
1-0: Ball
2-0: Ball
3-0: Foul Ball, location: 2F
3-1: Foul Ball, location: 2F
3-2: Foul Ball, location: 2F
3-2: Base on Balls
David Edwards to second
Pitching: RHP Francis Cahill
Batting: LHB Chris Hill 0-0: Ball
1-0: Ball
2-0: Called Strike
2-1: Foul Ball, location: 2F
2-2: Ball
3-2: Base on Balls
David Edwards to third
Manuel Domínguez to second
Batting: RHB Richard Younger 0-0: Fly out, F7 (Flyball, 78S)
Runner from 3rd tags up, OUT at HOME
Bottom of the 5th over - 0 runs, 1 hit, 0 errors, 2 left on base; Grafton 1 - Athletic Club KC 4
TOP OF THE 6TH
Grafton Middies batting - Pitching for Athletic Club KC : LHP Bill Oulton
Batting: RHB Carlos Maldonado 0-0: Fly out, F9 (Flyball, 9S)
Batting: LHB Mario Ramos 0-0: Ball
1-0: Foul Ball, location: 2F
1-1: Ball
2-1: Called Strike
2-2: Strikes out swinging
Batting: RHB Stefano Gaddi 0-0: Called Strike
0-1: Called Strike
0-2: Strikes out swinging
Top of the 6th over - 0 runs, 0 hits, 0 errors, 0 left on base; Grafton 1 - Athletic Club KC 4
BOTTOM OF THE 6TH
Athletic Club KC batting - Pitching for Grafton Middies : RHP Francis Cahill
Batting: LHB Matt Herman 0-0: Swinging Strike
0-1: Foul Ball, location: 2F
0-2: Strikes out looking
Batting: LHB Tony García 0-0: Ground out 4-3 (Groundball, 4)
Batting: RHB Pil-joong Pak 0-0: Fly out, F7 (Line Drive, 7)
Bottom of the 6th over - 0 runs, 0 hits, 0 errors, 0 left on base; Grafton 1 - Athletic Club KC 4
TOP OF THE 7TH
Grafton Middies batting - Pitching for Athletic Club KC : LHP Bill Oulton
Batting: LHB Jorge Flores 0-0: Swinging Strike
0-1: Ball
1-1: DOUBLE (Flyball, 8RXD)
Batting: RHB Orlando Reyes 0-0: Ball
1-0: Called Strike
1-1: Called Strike
1-2: Ball
2-2: Fly out, F8 (Flyball, 8LD)
Runner from 2nd tags up, SAFE at 3rd with throw
Batting: LHB John Meléndez 0-0: Foul Ball, location: 2F
0-1: Ball
1-1: Ground out 1-3 (Groundball, P)
Batting: SHB Jack MacAsgill 0-0: Called Strike
0-1: Ball
1-1: Ball
2-1: Called Strike
2-2: Strikes out swinging
Top of the 7th over - 0 runs, 1 hit, 0 errors, 1 left on base; Grafton 1 - Athletic Club KC 4
BOTTOM OF THE 7TH
Athletic Club KC batting - Pitching for Grafton Middies : RHP Francis Cahill
Batting: RHB Dong-min Cho 0-0: Bunted foul
0-1: Foul Ball, location: 2F
0-2: Ball
1-2: Ground out 4-3 (Groundball, 4M)
Batting: RHB David Edwards 0-0: Ball
1-0: Foul Ball, location: 2F
1-1: Ground out U3 (Groundball, 3S)
Batting: SHB Pedro Vázquez 0-0: Called Strike
0-1: Ball
1-1: SINGLE (Groundball, 6MD)
Batting: LHB Manuel Domínguez 0-0: Ball
1-0: Swinging Strike
1-1: Ball
2-1: Ball
3-1: Called Strike
3-2: Base on Balls
Pedro Vázquez to second
Batting: LHB Chris Hill 0-0: Called Strike
0-1: Ball
1-1: Ball
2-1: Ball
3-1: Base on Balls
Pedro Vázquez to third
Manuel Domínguez to second
Batting: RHB Richard Younger 0-0: Ball
1-0: Ball
2-0: Called Strike
2-1: Called Strike
2-2: Foul Ball, location: 2F
2-2: Ball
3-2: Base on Balls
Pedro Vázquez scores
Manuel Domínguez to third
Chris Hill to second
Batting: LHB Matt Herman 0-0: Called Strike
0-1: Foul Ball, location: 2F
0-2: Ball
1-2: Ball
2-2: Foul Ball, location: 2F
2-2: Strikes out swinging
Bottom of the 7th over - 1 run, 1 hit, 0 errors, 3 left on base; Grafton 1 - Athletic Club KC 5
TOP OF THE 8TH
Grafton Middies batting - Pitching for Athletic Club KC : LHP Bill Oulton
Batting: RHB Ramón Gómez 0-0: Ball
1-0: Called Strike
1-1: Foul Ball, location: 2F
1-2: Strikes out swinging
Pitching: RHP Yue-rong Chen
Batting: RHB Pedro Santos 0-0: Ball
1-0: Swinging Strike
1-1: Called Strike
1-2: Strikes out looking
Batting: RHB Carlos Maldonado 0-0: Swinging Strike
0-1: Ball
1-1: Ball
2-1: Ball
3-1: Called Strike
3-2: Fly out, F7 (Flyball, 7)
Top of the 8th over - 0 runs, 0 hits, 0 errors, 0 left on base; Grafton 1 - Athletic Club KC 5
BOTTOM OF THE 8TH
Athletic Club KC batting - Pitching for Grafton Middies : RHP Francis Cahill
Batting: LHB Tony García 0-0: Ball
1-0: Foul Ball, location: 2F
1-1: Called Strike
1-2: Ball
2-2: Ball
3-2: Strikes out swinging
Batting: RHB Pil-joong Pak 0-0: Called Strike
0-1: Fly out, F9 (Flyball, 9)
Batting: RHB Dong-min Cho 0-0: Called Strike
0-1: Fly out, F8 (Flyball, 8RXD)
Bottom of the 8th over - 0 runs, 0 hits, 0 errors, 0 left on base; Grafton 1 - Athletic Club KC 5
TOP OF THE 9TH
Grafton Middies batting - Pitching for Athletic Club KC : RHP Yue-rong Chen
Batting: LHB Mario Ramos 0-0: Foul Ball, location: 2F
0-1: Fly out, F8 (Flyball, 8RD)
Batting: RHB Stefano Gaddi 0-0: Foul Ball, location: 2F
0-1: Ball
1-1: Ball
2-1: Foul Ball, location: 2F
2-2: Ball
3-2: Fly out, F9 (Flyball, 9LD)
Batting: LHB Jorge Flores 0-0: Ball
1-0: Ball
2-0: SINGLE (Groundball, 34D)
Batting: RHB Orlando Reyes 0-0: Swinging Strike
0-1: Ball
1-1: Ball
2-1: Ground out 4-3 (Groundball, 4M)
Top of the 9th over - 0 runs, 1 hit, 0 errors, 1 left on base; Grafton 1 - Athletic Club KC 5
Tuesday, December 19th, 2017 - OOTP Baseball 18.8 Build 76